 Dungeon Crawl Stone Soup version 0.30.0-15-g856e2d3f33 (webtiles) character file.

Game seed: 15869398238572969277

51 wingedge the Insei (level 4, -14/49 HPs)
             Began as a Human Wanderer on May 18, 2023.
             Demolished by an ogre
             ... wielding a +0 giant club
              (27 damage)
             ... on level 2 of the Dungeon.
             The game lasted 00:09:17 (1157 turns).

wingedge the Insei (Human Wanderer)                 Turns: 1157, Time: 00:09:18

Health: -14/49     AC:  5    Str: 13    XL:     4   Next: 5%
Magic:  7/7        EV: 10    Int: 19    God:
Gold:   87         SH:  0    Dex: 13    Spells: 3/7 levels left

rFire   . .          .
                       - Unarmed
rCold   . . .        (no shield)
rNeg    . . .        q - +0 ring mail
rPois   +            (no helmet)
rElec   .            (no cloak)
rCorr   .            (no gloves)
SInv    .            (no boots)
Will    .....        p - amulet of the acrobat Stlth
                     i - ring of poison resistance
HPRegen 0.28/turn    s - +6 ring of intelligence
MPRegen 0.10/turn

%: acrobat
@: berserking (expiring), very quick
A: no striking features
a: no special abilities


You were on level 2 of the Dungeon.
You visited 1 branch of the dungeon, and saw 2 of its levels.

You collected 87 gold pieces.

Inventory:

Hand Weapons
 a - a +0 dagger
 n - a +0 sling
Missiles
 o - 14 stones (quivered)
Armour
 c - a +0 buckler
 e - a +0 robe
 q - a +0 ring mail (worn)
Jewellery
 i - a ring of poison resistance (left hand)
 p - an amulet of the acrobat (around neck)
 s - a +6 ring of intelligence (right hand)
Scrolls
 d - 2 scrolls of blinking
 h - 2 scrolls of amnesia {unknown}
 k - 2 scrolls of enchant weapon {unknown}
 m - a scroll of immolation {unknown}
 r - a scroll of teleportation {unknown}
 t - a scroll of fog {unknown}
Potions
 b - a potion of haste
 g - 2 potions of brilliance {unknown}
 j - a potion of might {unknown}
 u - a potion of curing {unknown}


   Skills:
 + Level 2.0 Fighting
 + Level 0.4 Throwing
 + Level 0.7 Stealth
 - Level 2.0 Shields
 - Level 4.0 Unarmed Combat
 - Level 2.0 Spellcasting
 + Level 1.6 Conjurations
 - Level 2.0 Necromancy


You had 3 spell levels left.
You knew the following spells:

 Your Spells              Type           Power      Damage    Failure   Level
a - Kiss of Death         Conj/Necr      32%        2d7       19%         1
b - Vampiric Draining     Necr           9%         2d6       43%         3

Your spell library contained the following spells:

 Spells                   Type           Power      Damage    Failure   Level


Dungeon Overview and Level Annotations

Branches:
Dungeon (2/15)

Altars:
Yredelemnul


Message History

Okay, then.
Okay, then.
Unknown command.
Casting: Kiss of Death (safe; 19% risk of failure)
Confirm with . or Enter, or press ? or * to list all spells.
Okay, then.
Unknown command.
Press: ? - help, v - describe, . - travel
Here: an ogre, wielding a +0 giant club The floor.
Unknown command.
Unknown command.
Press: ? - help, v - describe, . - travel
Here: an ogre, wielding a +0 giant club The floor.
Unknown command.
A red film seems to cover your vision as you go berserk!
You feel yourself moving faster!
You feel mighty!
You feel a strong urge to attack something.
You hit the ogre.
The ogre is moderately wounded.
The ogre hits you with a +0 giant club!!
Ouch! That really hurt!
You hear a shout!
You barely miss the ogre.
The ogre is moderately wounded.
You hear a shout! x4
You barely miss the ogre.
The ogre is moderately wounded.
You hit the ogre.
The ogre is moderately wounded.
The ogre hits you with a +0 giant club!
* * * LOW HITPOINT WARNING * * *
You punch the ogre!
The ogre is severely wounded.
You hit the ogre.
The ogre is almost dead.
The ogre hits you with a +0 giant club!!
Ouch! That really hurt!
You die...

#......#)........[####...#
#########.###.##### ##...
#.# #.# ##.. ##.###.# #..
#...##.# #.. #...#..# #..
#...†.## #####.# #.#..).##
#...... #...@O..# #......
##....#...# #......
##(.................
(........$.........
##...#########...... #####
#...... #...... #######


You could see an ogre.

Vanquished Creatures
  An adder (D:2)
  A dart slug (D:1)
  3 endoplasms
  2 giant cockroaches
  3 goblins
  5 hobgoblins
  A jackal (D:1)
  3 quokkas (D:1)
  4 ball pythons (D:1)
  5 bats
  3 frilled lizards
  4 kobolds (D:1)
  4 rats
39 creatures vanquished.

Notes
Turn   | Place    | Note
-------+----------+-------------------------------------------
     0 | D:1      | wingedge the Human Wanderer began the quest for the Orb.
     0 | D:1      | wingedge set off with the following items: a +0 dagger, a
                  | potion of haste, a +0 buckler, a scroll of blinking, a +0
                  | robe, a potion of berserk rage; and the following spell
                  | memorised: Kiss of Death; and the following spells
                  | available to memorise: Vampiric Draining.
     0 | D:1      | Reached XP level 1. HP: 15/15 MP: 3/3
   228 | D:1      | Reached XP level 2. HP: 19/21 MP: 5/5
   264 | D:1      | Found a faded altar of an unknown god.
   291 | D:1      | Reached skill level 1 in Conjurations
   435 | D:1      | Reached XP level 3. HP: 26/26 MP: 6/6
   724 | D:2      | Learned a level 3 spell: Vampiric Draining
  1006 | D:2      | Found a basalt altar of Yredelemnul.
  1063 | D:2      | Reached XP level 4. HP: 29/33 MP: 7/7
  1147 | D:2      | Noticed an ogre
  1157 | D:2      | Demolished by an ogre

Illustrated notes

Levels and vault maps discovered:
D:1:      tekkud_arrival_beachfront_property, layout_rooms,
          chequers_ecumenical_altar_simple_redux,
          chequers_serial_rivers_micro_c, minmay_stone_trees_small, st_stairs_10
D:2:      layout_rooms, basic_altar, minivault_14, uniq_robin

Skill      XL: |  1  2  3 |
---------------+----------+-----
Conjurations   | 1 |  1.6
Necromancy     | 2 |  2.0
Fighting       | 2 |  2.0
Throwing       | |  0.4
Stealth        | |  0.7
Shields        | |  2.0
Unarmed Combat | |  4.0
Spellcasting   | |  2.0

Action                     |  1- 3 |  4- 6 || total
---------------------------+-------+-------++-------
  Melee: Unarmed           |   116 |    10 ||   126
         Punch             |     3 |       ||     3
  Throw: Dart              |       |     2 ||     2
    Use: Potion            |       |     1 ||     1
 Armour: Robe              |    15 |       ||    15
         Ring mail         |     7 |       ||     7
  Dodge: Dodged            |    61 |     2 ||    63
